 Dungeon Crawl Stone Soup version 0.29.0-13-gc9e81de378 (webtiles) character file.

Game seed: 3959673699021790546

93 Persephone the Trooper (level 4, -6/29 HPs)
             Began as a Gargoyle Monk on Sept 7, 2022.
             Killed by divine providence
             ... invoked by an orc priest
              (12 damage)
             ... on level 3 of the Dungeon.
             The game lasted 00:03:32 (3168 turns).

Persephone the Trooper (Gargoyle Monk)              Turns: 3168, Time: 00:03:32

Health: -6/29      AC:  6    Str: 17    XL:     4   Next: 61%
Magic:  4/4        EV: 12    Int: 10    God:
Gold:   122        SH:  0    Dex: 12    Spells: 3/3 levels left

rFire   + . .      SeeInvis .   a - +0 mace
rCold   . . .      Faith    .   (no shield)
rNeg    + . .      Spirit   .   b - +0 robe
rPois   ∞          Reflect  .   (no helmet)
rElec   +          Harm     .   h - +0 cloak
rCorr   .          Rampage  .   (no gloves)
Will    .....                   (no boots)
Stlth   ++........              (no amulet)
HPRegen 0.09/turn               f - ring of protection from fire
MPRegen 0.09/turn               (no ring)

@: no status effects
A: sickness immunity, AC +3, negative energy resistance 1, electricity
resistance, torment resistance 1, petrification resistance
a: no special abilities


You were on level 3 of the Dungeon.
You visited 1 branch of the dungeon, and saw 3 of its levels.

You collected 122 gold pieces.

Inventory:

Hand Weapons
 a - a +0 mace (weapon)
Armour
 b - a +0 robe (worn)
 h - a +0 cloak (worn)
Jewellery
 f - a ring of protection from fire (left hand)
 m - a ring of ice
Scrolls
 d - 3 scrolls of teleportation {unknown}
 e - a scroll of noise {unknown}
 g - a scroll of enchant armour {unknown}
 i - a scroll of immolation {unknown}
 k - a scroll of summoning {unknown}
 l - a scroll of amnesia {unknown}
 p - a scroll of brand weapon {unknown}
 q - a scroll of silence {unknown}
 r - 3 scrolls of vulnerability {unknown}
Potions
 c - a potion of ambrosia
 j - 2 potions of degeneration {unknown}
 n - a potion of haste {unknown}
 o - a potion of flight {unknown}


   Skills:
 + Level 4.0 Fighting
 + Level 3.6 Maces & Flails
 + Level 3.0 Dodging
 + Level 3.2 Stealth


You had 3 spell levels left.
You didn't know any spells.
Your spell library contained the following spells:

 Spells                   Type           Power      Damage    Failure   Level
 Poisonous Vapours        Pois/Air       0%         N/A       50%         2
 Static Discharge         Conj/Air       0%         3-3/arc   50%         2
 Corpse Rot               Necr/Pois/Air  0%         N/A       98%         4
 Lightning Bolt           Conj/Air       0%         1d11      100%        5
 Maxwell's Capacitive Co  Air            0%         ∞         100%        8


Dungeon Overview and Level Annotations

Branches:
Dungeon (3/15)

Altars:

Shops:
D:3 *


Innate Abilities, Weirdness & Mutations

You are immune to sickness and miasma.
Your stone body is resilient. (AC +3)
You are immune to poison.
You resist negative energy. (rN+)
You are resistant to electric shocks. (rElec)
You are resistant to unholy torment.
You are immune to petrification.


Message History

An orc and an orc priest come into view.
The orc shouts!
The orc priest shouts!
There are monsters nearby!
There are monsters nearby!
The orc priest hits you but does no damage.
You hit the orc priest.
The orc priest is moderately wounded.
The orc priest barely misses you.
You sock the orc priest!
The orc priest is almost dead.
The orc priest mumbles some strange prayers to Beogh against you.
Beogh smites you!
You are too injured to fight recklessly!
You are too injured to fight recklessly!
You are too injured to fight recklessly!
You sock the orc!
You kill the orc!
You thump the orc priest!
You kill the orc priest!
Your Fighting skill increases to level 4!
Your Dodging skill increases to level 3!
r - 3 scrolls labelled CUME POOGHA
Items here: )) [ †.
An orc wizard comes into view. It is wielding a +0 dagger.
An orc wizard is nearby!
An orc wizard is nearby!
An orc wizard is nearby!
An orc priest comes into view.
It is wielding a +0 flail and carrying a wand of flame (12).
The orc priest moves out of view.
Items here: )) [ †.
Found Eloas's Assorted Antiques.
The orc priest shouts!
You hear a shout!
An orc comes into view. It is wielding a +1 trident of flaming.
The orc priest mumbles some strange prayers to Beogh against you.
Beogh smites you!
* * * LOW HITPOINT WARNING * * *
The orc shouts!
The orc priest calls down the wrath of Beogh upon you.
Beogh smites you!
You die...

##. #.. #...
##...#### ........#
#..# .oo.....# #..#
..∩^....# #..#
##...##@# #..# #o
#.# #... #.# #..#
#.# #..######## #)#
#....<....# #.#
##.######)#
#####.#####.#
#.....#.....#
#.#####.##########.


You could see an orc priest and an orc wizard.

Vanquished Creatures
  An orc priest (D:3)
  A worm (D:2)
  4 dart slugs (D:2)
  An orc (D:3)
  2 ball pythons (D:2)
  5 endoplasms
  5 giant cockroaches
  5 goblins
  2 hobgoblins
  2 quokkas (D:2)
  5 bats
  3 frilled lizards
  10 kobolds
  3 rats
49 creatures vanquished.

Notes
Turn   | Place    | Note
-------+----------+-------------------------------------------
     0 | D:1      | Persephone the Gargoyle Monk began the quest for the Orb.
     0 | D:1      | Reached XP level 1. HP: 14/14 MP: 1/1
   433 | D:1      | Reached XP level 2. HP: 15/19 MP: 2/2
  1355 | D:1      | Found a faded altar of an unknown god.
  1867 | D:2      | Reached XP level 3. HP: 18/23 MP: 3/3
  2835 | D:2      | Reached XP level 4. HP: 29/29 MP: 4/4
  3129 | D:3      | Reached skill level 4 in Fighting
  3166 | D:3      | Found Eloas's Assorted Antiques.
  3168 | D:3      | Killed from afar by an orc priest

Illustrated notes

Levels and vault maps discovered:
D:1:      kilobyte_arrival_exit_the_forest, layout_basic,
          shapermc_ecumenical_altar_petra
D:2:      layout_loops_cross
D:3:      layout_loops_ring, serial_shops, nicolae_shop_bloodbath_and_beyond,
          shop_statue, shop, uniq_natasha

Skill      XL: |  1  2  3  4 |
---------------+-------------+-----
Stealth        | 3 |  3.2
Fighting       | 4 |  4.0
Dodging        | 3 |  3.0
Maces & Flails | |  3.6

Action                   |  1- 3 |  4- 6 || total
-------------------------+-------+-------++-------
Melee: Mace              |   132 |    18 ||   150
       Punch             |     2 |       ||     2
 Stab: Sleeping          |     9 |       ||     9
       Distracted        |       |     1 ||     1
Armor: Robe              |    38 |     7 ||    45
Dodge: Dodged            |    76 |     8 ||    84
